 Dungeon Crawl Stone Soup version 0.19-a0-1007-g133f65f (webtiles) character file.

136 mistymad the Conjurer (level 4, -1/33 HPs)
             Began as a Draconian Conjurer on July 21, 2016.
             Slain by a giant frog skeleton (4 damage)
             ... on level 3 of the Dungeon.
             The game lasted 00:08:49 (2866 turns).

mistymad the Conjurer (Draconian Conjurer)          Turns: 2866, Time: 00:08:50

Health: -1/33      AC:  6    Str: 14    XL:     4   Next: 98%
Magic:  3/9        EV: 12    Int: 17    God:
Gold:   168        SH:  0    Dex: 11    Spells: 3 memorised, 3 levels left

rFire  . . .     SeeInvis .     l - -3 dagger (curse)
rCold  + . .     Gourm    .     (armour unavailable)
rNeg   . . .     Faith    .     (no shield)
rPois  .         Spirit   .     (helmet restricted)
rElec  .         Dismiss  .     j - +0 cloak
rCorr  .         Reflect  .     (no gloves)
SustAt .         Harm     .     (no boots)
MR     .....                    (no amulet)
Stlth  ++........               v - ring of protection from cold
                                h - +4 ring of strength

@: not resistant to hostile enchantments, unstealthy
A: unfitting armour, cold-blooded, AC +5
a: no special abilities


You were on level 3 of the Dungeon.
You were near starving.

You visited 1 branch of the dungeon, and saw 3 of its levels.

You collected 168 gold pieces.

Inventory:

Hand Weapons
 l - a cursed -3 dagger (weapon)
 r - a +0 blowgun
Missiles
 q - 4 curare-tipped needles
Armour
 j - a +0 cloak (worn)
Jewellery
 h - a +4 ring of strength (left hand)
 i - an uncursed amulet of magic regeneration {unknown}
 v - a ring of protection from cold (right hand)
Scrolls
 e - a scroll of fog
 t - a scroll of identify {unknown}
 w - a scroll of recharging {unknown}
Potions
 c - a potion of invisibility {unknown}
 d - a potion of flight {unknown}
 f - a potion of curing {unknown}
 g - 2 potions of resistance {unknown}
 k - 2 potions of might {unknown}
 m - a potion of degeneration {unknown}
 p - a potion of brilliance {unknown}
 s - a potion of haste {unknown}
 u - a potion of heal wounds {unknown}
Books
 a - a book of Conjurations

   Spells                             Type                      Level
   a - Magic Dart                     Conjuration                  1
   b - Searing Ray                    Conjuration                  2
   c - Dazzling Spray                 Conjuration/Hexes            3
   d - Fulminant Prism                Conjuration/Hexes            4
   e - Iskenderun's Mystic Blast      Conjuration                  4
   f - Iskenderun's Battlesphere      Conjuration/Charms           5
Comestibles
 b - 4 bread rations
 n - a meat ration
 o - a beef jerky
 x - 2 chunks of flesh


   Skills:
 - Level 1.8 Dodging
 - Level 1.7 Stealth
 + Level 3.5 Spellcasting
 + Level 5.3 Conjurations


You had 3 spell levels left.
You knew the following spells:

 Your Spells              Type           Power        Failure   Level  Hunger
a - Magic Dart            Conj           ###.         1%          1    None
b - Searing Ray           Conj           ###...       2%          2    ##.....
c - Iskenderun's Mystic   Conj           ###.....     21%         4    ####...


Dungeon Overview and Level Annotations

Branches:
Dungeon (3/15)

Altars:


Innate Abilities, Weirdness & Mutations

Your plain brown scales are hard. (AC +5)
Your body does not fit into most forms of armour.
You are cold-blooded and may be slowed by cold attacks.


Message History

* * * LOW HITPOINT WARNING * * *
You take 4 damage, and have 2/33 hp.
The giant frog skeleton closely misses you.
The giant frog skeleton closely misses you.
The giant frog skeleton hits you.
* * * LOW HITPOINT WARNING * * *
You take 1 damage, and have 2/33 hp.
Casting: Searing Ray
Confirm with . or Enter, or press ? or * to list all spells.
Aiming: Searing Ray
Press: ? - help, Shift-Dir - straight line, f/p - giant frog skeleton
Aim: a giant frog skeleton The searing ray hits the giant frog skeleton.
The giant frog skeleton misses you.
You now have 4/9 mp.
The searing ray hits the giant frog skeleton.
The giant frog skeleton misses you.
The searing ray hits the giant frog skeleton.
The giant frog skeleton hits you.
You die...

.......................#
#######.....##########.#
#...>......(....# #.#
#.####.....####.# #.##########
#<# #....).# #.# #...........
#.# #.#...#####.#####..###....).
#.###....................#.#####
##.....##.##...#.####...#.#.##
.......##.......@# #........#
##..##.....#...#Z# #..##.#..#
##............##.####..##.#..#
..<.##.##.....##.............#
######.####...########..#..#.#
#.# #...########..#..#.#### #.#
#..........>..#<......# ######.#
#..#########.#..##.##.# .......#
#..########.###.##.##.#


You could see a giant frog skeleton.

Vanquished Creatures
  An orc wizard (D:3)
  4 adders
  2 dart slugs
  5 giant geckos
  3 orcs (D:3)
  4 ball pythons
  11 bats
  3 giant cockroaches
  A goblin (D:2)
  6 hobgoblins
  9 kobolds
  5 giant newts
  6 rats
60 creatures vanquished.

Notes
Turn   | Place    | Note
-------+----------+-------------------------------------------
     0 | D:1      | mistymad the Draconian Conjurer began the quest for the Orb.
     0 | D:1      | Reached XP level 1. HP: 14/14 MP: 3/3
   248 | D:1      | Reached XP level 2. HP: 20/20 MP: 3/5
  1176 | D:2      | Reached XP level 3. HP: 26/26 MP: 5/7
  1243 | D:2      | Learned a level 2 spell: Searing Ray
  1479 | D:2      | Reached XP level 4. HP: 33/33 MP: 4/8
  2256 | D:3      | Reached skill level 5 in Conjurations
  2612 | D:3      | Learned a level 4 spell: Iskenderun's Mystic Blast
  2866 | D:3      | Slain by a giant frog skeleton

Vault maps used:
D:1:      erik_arrival_cave_to_civilisation
D:2:      first_bread

Skill      XL: |  1  2  3  4 |
---------------+-------------+-----
Spellcasting   | 3 |  3.5
Conjurations   | 5 |  5.3
Dodging        | |  1.8
Stealth        | |  1.7

Action                   |  1- 3 |  4- 6 || total
-------------------------+-------+-------++-------
Melee: Unarmed           |    40 |    12 ||    52
       Tailslap          |     4 |     8 ||    12
       Dagger            |       |    57 ||    57
 Cast: Magic Dart        |    60 |    24 ||    84
       Searing Ray       |       |     6 ||     6
  Use: Scroll            |     5 |     2 ||     7
  Eat: Chunk             |     2 |     3 ||     5
Armor: Skin              |    15 |    36 ||    51
Dodge: Dodged            |    41 |    83 ||   124
